 Dungeon Crawl Stone Soup version 0.31-a0-536-ga3e2962e35 (webtiles) character file.

Game seed: 10629725613760966040

674 CrazyBamboolord the Magician (level 7, 0/46 HPs)
             Began as a Djinni Hedge Wizard on Aug 13, 2023.
             Was an Initiate of Makhleb.
             Frozen to death by an endoplasm (3 damage)
             ... on level 4 of the Dungeon.
             The game lasted 00:12:10 (3905 turns).

CrazyBamboolord the Magician (Djinni Hedge Wizard)  Turns: 3905, Time: 00:12:11

Health: 0/46       AC:  9    Str:  9    XL:     7   Next: 90%
Gold:   109        EV: 18    Int: 18    God:    Makhleb [......] SH:  0 Dex: 12

rFire   + + +        p - +0 dagger (drain)
rCold   x x .        (no shield)
rNeg    . . .        b - +0 robe
rPois   ∞            c - +0 hat
rElec   .            (no cloak)
rCorr   .            l - +0 pair of gloves
SInv    .            (boots unavailable)
Will    .....        (no amulet)
Stlth   ++           h - ring of fire
HPRegen 0.27/turn    o - +5 ring of evasion
MPRegen 0.00/turn

%: infuse magic (-1 HP)
@: ice-armoured, flying
A: sickness immunity, fire resistance 2, cold vulnerability 1, float, innate
caster, HP casting, extra vitality 1
a: Renounce Religion


You were on level 4 of the Dungeon.
You worshipped Makhleb.
Makhleb was noncommittal.
You visited 2 branches of the dungeon, and saw 5 of its levels.

You collected 148 gold pieces.
You spent 39 gold pieces at shops.

Inventory:

Hand Weapons
 p - a +0 dagger of draining (weapon)
Armour
 b - a +0 robe (worn)
 c - a +0 hat (worn)
 l - a +0 pair of gloves (worn)
Jewellery
 h - a ring of fire (left hand)
 o - a +5 ring of evasion (right hand)
 q - an amulet of faith
Wands
 k - a wand of iceblast (7)
Scrolls
 j - a scroll of enchant weapon {unknown}
 m - a scroll of revelation {unknown}
 n - a scroll of torment {unknown}
 r - a scroll of noise {unknown}
Potions
 a - a potion of berserk rage
 d - a potion of degeneration {unknown}
 e - 2 potions of cancellation
 f - 2 potions of invisibility
 g - a potion of curing
 i - a potion of lignification {unknown}


   Skills:
 + Level 0.6 Fighting
 + Level 3.5 Dodging
 + Level 3.1 Stealth
 * Level 5.9 Spellcasting
 * Level 5.9 Conjurations
 * Level 5.9 Hexes
 * Level 5.9 Summonings
 * Level 5.9 Necromancy
 * Level 5.9 Translocations
 * Level 5.9 Transmutations
 * Level 5.9 Fire Magic
 * Level 5.9 Ice Magic
 * Level 5.9 Air Magic
 * Level 5.9 Earth Magic
 * Level 5.9 Poison Magic


You knew the following spells:

 Your Spells              Type           Power      Damage    Failure   Level
a - Magic Dart            Conj           100%       1d8       1%          1
b - Slow                  Hex            100%       N/A       1%          1
c - Blink                 Tloc           52%        N/A       1%          2
d - Call Imp              Summ           52%        N/A       1%          2
e - Mephitic Cloud        Conj/Pois/Air  26%        N/A       3%          3
f - Sandblast             Erth           52%        2d12      1%          1
g - Passwall              Tmut/Erth      21%        N/A       1%          2
h - Ozocubu's Armour      Ice            26%        N/A       3%          3
Your spell library was empty.

Dungeon Overview and Level Annotations

Branches:
Dungeon (4/15)             Temple (1/1) D:4

Altars:
Ashenzari
Cheibriados
Dithmenos
Elyvilon
Fedhas
Gozag
Hepliaklqana
Makhleb
Nemelex Xobeh
Okawaru
Qazlal
Ru
Trog
Wu Jian
Xom
Yredelemnul
Zin
The Shining One

Shops:
D:2 !

Annotations:
D:3 3 runed translucent doors, Ethylacetat's ghost, amateur OpGl


Innate Abilities, Weirdness & Mutations

You are immune to sickness and miasma.
You are immune to poison.
Your flesh is very heat resistant. (rF++)
You are vulnerable to cold. (rC-)
You float through the air rather than walking.
You learn spells naturally, not from books.
Your magical power is your life essence.
You have superior vitality. (+4 MHP)


Message History

The blast of sand misses Ijyb.
Your cerulean imp hits Ijyb but does no damage.
The endoplasm misses you. Ijyb hits you with a +0 club.
Ijyb hits herself with a +0 club.
Your cerulean imp hits Ijyb but does no damage.
Casting: Sandblast (safe; 1% risk of failure)
Confirm with . or Enter, or press ? or * to list all spells.
Aiming: Sandblast (safe; 1% risk of failure)
Press: ? - help, Shift-Dir - straight line, f/p - Ijyb
Aim: Ijyb, wielding a +0 club, wearing a +0 ring mail and carrying a wand of iceblast (severely wounded, confused, ally target, 94% to hit)
The blast of sand hits Ijyb.
Ijyb is almost dead.
The endoplasm freezes you.
You are frozen.
You feel a terrible chill!
* * * LOW HITPOINT WARNING * * *
Your cerulean imp hits Ijyb but does no damage.
Ijyb hits you but does no damage. The endoplasm barely misses you.
Casting: Sandblast (safe; 1% risk of failure)
Confirm with . or Enter, or press ? or * to list all spells.
Aiming: Sandblast (safe; 1% risk of failure)
Press: ? - help, Shift-Dir - straight line, f/p - Ijyb
Aim: Ijyb, wielding a +0 club, wearing a +0 ring mail and carrying a wand of iceblast (almost dead, confused, ally target, 94% to hit)
The blast of sand hits Ijyb!
You kill Ijyb!
Makhleb accepts your kill.
* * * LOW HITPOINT WARNING * * *
The endoplasm freezes you.
You are frozen.
You feel a terrible chill!
* * * LOW HITPOINT WARNING * * *
Your cerulean imp hits the endoplasm from afar with a -2 spear.
Unknown command.
As you read the scroll of identify, it crumbles to dust.
a - a potion of berserk rage The endoplasm freezes you.
You are frozen.
* * * LOW HITPOINT WARNING * * *
Your cerulean imp hits the endoplasm from afar with a -2 spear.
The endoplasm freezes you.
You are frozen.
You feel a terrible chill!
You die...

#... .... #... .... #...
.... #... ... #...
#############'##### #.P.
................... #...
................... #...
......J@.)......... #...
........5.......... #...
................... #...
#######'##########' #...
................... #...
................... #...
................... #...
................... #...
###########'#########...


You could see an endoplasm (ally target) and a friendly cerulean imp (summoned).

Vanquished Creatures
  Sigmund (D:4)
  A water moccasin (D:4)
  3 hounds (D:4)
  2 orc priests (D:3)
  Ijyb (D:4)
  2 iguanas (D:4)
  An orc wizard (D:3)
  7 gnolls
  An adder (D:2)
  2 worms (D:2)
  2 dart slugs
  10 orcs
  4 bats
  7 endoplasms
  5 giant cockroaches
  A goblin (D:1)
  5 hobgoblins
  14 jackals
  3 kobolds
  A quokka (D:2)
  5 ball pythons
  5 frilled lizards
  5 rats
88 creatures vanquished.

Notes
Turn   | Place    | Note
-------+----------+-------------------------------------------
     0 | D:1      | CrazyBamboolord the Djinni Hedge Wizard began the quest for
                  | the Orb.
     0 | D:1      | CrazyBamboolord set off with the following spells
                  | memorised: Magic Dart, Slow, Blink, Call Imp, Mephitic
                  | Cloud.
     0 | D:1      | Reached XP level 1. HP: 15/15 MP: 0/0
   194 | D:1      | Reached XP level 2. HP: 19/21 MP: 0/0
   734 | D:1      | Reached XP level 3. HP: 23/25 MP: 0/0
   734 | D:1      | Learned a level 1 spell: Sandblast
  1189 | D:2      | Found an iron altar of Okawaru.
  1477 | D:2      | Reached XP level 4. HP: 30/31 MP: 0/0
  1744 | D:2      | Found Bokkeak's Distillery.
  1751 | D:2      | Bought a potion of curing for 39 gold pieces
  2173 | D:3      | Reached XP level 5. HP: 32/35 MP: 0/0
  2173 | D:3      | Learned a level 2 spell: Passwall
  2276 | D:3      | Found a runed translucent gate.
  2276 | D:3      | Found a runed translucent gate.
  2276 | D:3      | Found a runed translucent gate.
  2276 | D:3      | Noticed Ethylacetat's ghost (amateur OpGl)
  3093 | D:3      | Reached XP level 6. HP: 33/41 MP: 0/0
  3397 | D:4      | Found a staircase to the Ecumenical Temple.
  3406 | Temple   | Entered the Ecumenical Temple
  3464 | Temple   | Became a worshipper of Makhleb the Destroyer
  3504 | D:4      | Noticed a water moccasin
  3513 | D:4      | Killed a water moccasin
  3514 | D:4      | Reached XP level 7. HP: 36/46 MP: 0/0
  3514 | D:4      | Learned a level 3 spell: Ozocubu's Armour
  3650 | D:4      | Reached skill level 5 in Spellcasting
  3650 | D:4      | Reached skill level 5 in Conjurations
  3650 | D:4      | Reached skill level 5 in Hexes
  3650 | D:4      | Reached skill level 5 in Summonings
  3650 | D:4      | Reached skill level 5 in Necromancy
  3650 | D:4      | Reached skill level 5 in Translocations
  3650 | D:4      | Reached skill level 5 in Transmutations
  3650 | D:4      | Reached skill level 5 in Fire Magic
  3650 | D:4      | Reached skill level 5 in Ice Magic
  3650 | D:4      | Reached skill level 5 in Air Magic
  3650 | D:4      | Reached skill level 5 in Earth Magic
  3650 | D:4      | Reached skill level 5 in Poison Magic
  3883 | D:4      | Noticed Ijyb
  3883 | D:4      | Noticed Sigmund
  3897 | D:4      | Killed Sigmund
  3903 | D:4      | Killed Ijyb
  3905 | D:4      | Frozen to death by an endoplasm

Illustrated notes

Levels and vault maps discovered:
D:1:      saegor_arrival_under_anarchy, layout_basic
D:2:      layout_basic, basic_altar, serial_shops, nicolae_lakefront_shop,
          chequers_decorated_corner
D:3:      layout_basic, ebering_ghost_rock_garden
D:4:      lemuel_castle_with_subvaults [lemuel_castle_interior_carwin_3],
          layout_gridville, minmay_temple_entry_slanted,
          minmay_goblin_kobold_house, uniq_ijyb, uniq_robin, uniq_edmund,
          uniq_sigmund
Temple:   minmay_crystal_snake_temple

Skill      XL: |  1  2  3  4  5  6  7 |
---------------+----------------------+-----
Spellcasting   | 3 4 5 |  5.9
Conjurations   | 3 4 5 |  5.9
Hexes          | 3 4 5 |  5.9
Summonings     | 3 4 5 |  5.9
Necromancy     | 3 4 5 |  5.9
Translocations | 3 4 5 |  5.9
Transmutations | 3 4 5 |  5.9
Fire Magic     | 3 4 5 |  5.9
Ice Magic      | 3 4 5 |  5.9
Air Magic      | 3 4 5 |  5.9
Earth Magic    | 3 4 5 |  5.9
Poison Magic   | 3 4 5 |  5.9
Stealth        | 2 3 |  3.1
Dodging        | 3 |  3.5
Fighting       | |  0.6

Action                     |  1- 3 |  4- 6 |  7- 9 || total
---------------------------+-------+-------+-------++-------
   Cast: Magic Dart        |    61 |    62 |    32 ||   155
         Sandblast         |     9 |    41 |    20 ||    70
         Call Imp          |       |     5 |     1 ||     6
         Slow              |       |     5 |       ||     5
         Mephitic Cloud    |       |       |     1 ||     1
         Ozocubu's Armour  |       |       |     1 ||     1
    Use: Scroll            |     3 |       |     1 ||     4
 Armour: Robe              |     1 |     2 |     2 ||     5
  Dodge: Dodged            |     3 |    15 |    11 ||    29

Table legend: (Time is in decaauts)
 A = Elapsed time spent in this place.
 B = Non-inter-level travel time spent in this place.
 C = Inter-level travel time spent in this place.
 D = Time resting spent in this place.
 E = Time spent auto-exploring this place.
 F = Levels seen in this place.
 G = Mean time per level.
                   A        B        C        D        E       F      G
               +--------+--------+--------+--------+--------+-----+--------+
         Total |   3938 |   3775 |    163 |     83 |   3169 |   5 |  787.6 |
       Dungeon |   3849 |   3772 |     77 |     83 |   3169 |   4 |  962.2 |
        Temple |     88 |      2 |     86 |      0 |      0 |   1 |   88.0 |
               +--------+--------+--------+--------+--------+-----+--------+

Top non-repeatable levels by time:
     D:3: 1126 daAuts
     D:2: 1101 daAuts
     D:1: 1029 daAuts
     D:4: 592 daAuts
  Temple: 88 daAuts
